 Dungeon Crawl Stone Soup version 0.24-a0-434-gd57e52fea8 (webtiles) character file.

Game seed: 18419237435304779625

4204 mortelune the Geomancer (level 10, -7/88 HPs)
             Began as a Deep Dwarf Earth Elementalist on June 15, 2019.
             Was a Believer of Kikubaaqudgha.
             Mangled by an orc warrior
             ... wielding a +0 dire flail
              (18 damage)
             ... on level 9 of the Dungeon.
             The game lasted 00:43:46 (13775 turns).

mortelune the Geomancer (DDEE)                     Turns: 13775, Time: 00:43:47

Health: -7/88      AC:  5    Str: 12    XL:     10   Next: 8%
Magic:  4/15       EV: 16    Int: 19    God:    Kikubaaqudgha [**....]
Gold:   589        SH:  0    Dex: 13    Spells: 6/19 levels left

rFire    + . .     SeeInvis .   B - +4 war axe
rCold    x . .     Gourm    .   (no shield)
rNeg     . . .     Faith    .   c - +0 robe
rPois    .         Spirit   .   (no helmet)
rElec    .         Reflect  .   (no cloak)
rCorr    .         Harm     .   A - +2 pair of gloves
MR       +....                  (no boots)
Stlth    ++........             (no amulet)
HPRegen  0.00/turn              e - +3 ring of slaying
MPRegen  0.14/turn              G - ring of fire

@: non-regenerating
A: damage resistance, heal wounds, sense surroundings 2, no regeneration
a: Heal Wounds, Receive Corpses, Renounce Religion


You were on level 9 of the Dungeon.
You worshipped Kikubaaqudgha.
Kikubaaqudgha was pleased with you.
You were very hungry.

You visited 2 branches of the dungeon, and saw 10 of its levels.

You collected 589 gold pieces.

Inventory:

Hand Weapons
 a - a +0 club
 p - a +0 mace
 y - a +2 falchion of holy wrath
 B - a +4 war axe (weapon)
Missiles
 u - 20 poisoned darts (quivered)
Armour
 c - a +0 robe (worn)
 A - a +2 pair of gloves (worn)
Jewellery
 e - a +3 ring of slaying (left hand)
 v - an uncursed amulet of faith
 G - a ring of fire (right hand)
Wands
 w - a wand of iceblast (18)
 E - a wand of enslavement (9)
 I - a wand of flame (36)
 K - a wand of polymorph (4)
Scrolls
 f - 3 scrolls of blinking {unknown}
 l - 6 scrolls of remove curse
 o - a scroll of identify
 q - a scroll of enchant armour
 t - a scroll of teleportation
 x - 3 scrolls of fog {unknown}
 z - a scroll of noise {unknown}
 C - 2 scrolls of amnesia {unknown}
 D - 2 scrolls of immolation {unknown}
 J - a scroll of enchant weapon {unknown}
Potions
 b - 2 potions of mutation
 g - a potion of berserk rage
 h - 2 potions of lignification
 i - 2 potions of brilliance
 j - a potion of cancellation
 k - 2 potions of might
 n - a potion of curing
 r - a potion of flight {unknown}
 s - 2 potions of resistance
 H - a potion of agility {unknown}
Comestibles
 d - 8 rations


   Skills:
 + Level 5.1 Fighting
 + Level 6.7 Dodging
 - Level 2.4 Stealth
 + Level 5.2 Spellcasting
 - Level 3.5 Conjurations
 * Level 5.9 Necromancy
   Level 0.8 Transmutations
 * Level 11.0 Earth Magic


You had 6 spell levels left.
You knew the following spells:

 Your Spells              Type           Power        Failure   Level  Hunger
a - Sandblast             Erth           #####.       1%          1    None
b - Stone Arrow           Conj/Erth      ####..       1%          3    ##.....
c - Lee's Rapid Deconstr  Erth           #####.....   3%          5    ######.
d - Pain                  Necr           ####         1%          1    None
q - Vampiric Draining     Necr           ####......   3%          3    ##.....

Your spell library contained the following spells:

 Spells                   Type           Power        Failure   Level  Hunger
 Animate Skeleton         Necr           N/A          1%          1    None
 Passwall                 Tmut/Erth      ####....     1%          2    #......
 Sublimation of Blood     Necr           ####......   1%          2    #......
 Magic Dart               Conj           ###.         2%          1    None
 Petrify                  Tmut/Erth      ####....     11%         4    ####...
 Apportation              Tloc           #.....       12%         1    None
 Confusing Touch          Hex            #.....       12%         1    None
 Summon Butterflies       Summ           #.......     12%         1    None
 Summon Small Mammal      Summ           #...         12%         1    None
 Conjure Flame            Conj/Fire      ###.....     17%         3    ##.....
 Blink                    Tloc           N/A          19%         2    #......
 Call Imp                 Summ           #.......     19%         2    #......
 Slow                     Hex            #.......     19%         2    #......
 Mephitic Cloud           Conj/Pois/Air  #.......     22%         3    ##.....
 Call Canine Familiar     Summ           #.......     36%         3    ##.....
 Confuse                  Hex            #.......     36%         3    ##.....
 Gell's Gravitas          Tloc           #.........   36%         3    ##.....
 Lesser Beckoning         Tloc           #.........   36%         3    ##.....
 Summon Guardian Golem    Hex/Summ       #.......     36%         3    ##.....
 Tukima's Dance           Hex            #.......     36%         3    ##.....
 Summon Ice Beast         Ice/Summ       #.......     77%         4    ####...
 Summon Lightning Spire   Summ/Air       #.......     77%         4    ####...
 Alistair's Intoxication  Tmut/Pois      #.......     96%         5    ######.
 Yara's Violent Unravell  Hex/Tmut       #.........   96%         5    ######.
 Metabolic Englaciation   Hex/Ice        #.........   98%         5    ######.
 Invisibility             Hex            #.......     100%        6    #######


Dungeon Overview and Level Annotations

Branches:
Dungeon (9/15)             Temple (1/1) D:5            Lair (0/6) D:9
    Orc: D:9-12

Altars:
Ashenzari
Cheibriados
Dithmenos
Elyvilon
Gozag
Hepliaklqana
Kikubaaqudgha
Makhleb
Nemelex Xobeh
Okawaru
Qazlal
Ru
Sif Muna
Trog
Uskayaw
Vehumet
Wu Jian
Xom
Yredelemnul
Zin
The Shining One

Shops:
D:9 [

Annotations:
D:6 1 runed translucent door
D:8 exclusion: two-headed ogre


Innate Abilities, Weirdness & Mutations

You are resistant to damage.
You can heal yourself by infusing magical energy.
You passively map the area around you.
You do not regenerate.


Message History

Kikubaaqudgha accepts your kill.
Your Earth Magic skill increases to level 11!
You feel life coursing into your body.
An orc comes into view. It is wielding a +0 flail.
Things that are here:
a +0 whip; an orc corpse A hippogriff comes into view.
The hippogriff screeches!
The hippogriff bites you. The hippogriff pecks you.
* * * LOW HITPOINT WARNING * * *
The hippogriff claws you.
* * * LOW HITPOINT WARNING * * *
The hippogriff closely misses you. The hippogriff pecks you.
* * * LOW HITPOINT WARNING * * *
The hippogriff claws you!
* * * LOW HITPOINT WARNING * * *
There is a stone staircase leading up here.
The orc warrior hits you with a +0 dire flail!!
You die...
Kikubaaqudgha rasps: "You have failed me!
Welcome... death!"

, , ,, , ..........# #.# *
........# #.# , # *
....##### ### *
#8########.##
#.#...........* * #+#####*
#.....o.......# , *
,,.......#####)>....$....#
,
....Z..#(.)))(.........##
,,
.......#l###..@..........*
,, .......'.#
#%.o..?.....#,* , *
.......### #..H........# *
, ,* .........
#.........>.# , ..<......
#....o......# , , *
........ ######.###### ,,
, ......< #.# , , *
*##.##### #.##
##..###############o.#####
,,


You could see a hippogriff, an orc warrior and 2 orcs.

Vanquished Creatures
  A troll (D:9)
  A hippogriff (D:9)
  A wyvern (D:9)
  Eustachio (D:6)
  A water moccasin (D:7)
  2 sky beasts (D:7)
  3 ice beasts
  An orc warrior (D:7)
  2 ogres
  3 centaurs
  3 bullfrogs
  4 scorpions
  A water moccasin skeleton (D:7)
  10 killer bees
  6 wights
  2 howler monkeys
  2 electric eels (D:9)
  A bullfrog zombie (D:5)
  2 jellies
  3 hounds
  5 orc priests
  A bullfrog skeleton (D:3)
  3 iguanas
  13 orc wizards
  5 worker ants
  A hound skeleton (D:7)
  A hound zombie (D:6)
  A worker ant zombie (D:5)
  8 adders
  4 gnolls (D:4)
  An ooze (D:6)
  2 adder skeletons
  10 dart slugs
  5 leopard geckos
  32 orcs
  A ball python (D:3)
  6 bats
  6 giant cockroaches
  7 hobgoblins
  12 jackals
  4 quokkas
  6 frilled lizards
  A giant cockroach zombie (D:6)
  5 goblins
  A jackal zombie (D:6)
  3 kobolds
  A leopard gecko zombie (D:5)
  A quokka skeleton (D:7)
  8 rats
204 creatures vanquished.

Notes
Turn   | Place    | Note
-------+----------+-------------------------------------------
     0 | D:1      | mortelune the Deep Dwarf Earth Elementalist began the quest
                  | for the Orb.
     0 | D:1      | Reached XP level 1. HP: 15/15 MP: 3/3
   227 | D:1      | Reached XP level 2. HP: 24/24 MP: 2/4
   897 | D:1      | Reached skill level 1 in Fighting
   999 | D:2      | Reached XP level 3. HP: 29/31 MP: 3/6
  1004 | D:2      | Learned a level 3 spell: Stone Arrow
  2104 | D:2      | Found a stormy altar of Qazlal.
  2966 | D:2      | Reached XP level 4. HP: 31/38 MP: 0/7
  3126 | D:3      | Reached skill level 1 in Conjurations
  3362 | D:3      | Noticed a sky beast
  3583 | D:3      | Reached XP level 5. HP: 35/44 MP: 5/8
  3814 | D:3      | Reached skill level 5 in Earth Magic
  4541 | D:4      | Found a glowing golden altar of the Shining One.
  4808 | D:4      | Noticed an ogre
  4880 | D:4      | Reached XP level 6. HP: 35/52 MP: 6/10
  4992 | D:3      | Learned a level 5 spell: Lee's Rapid Deconstruction
  5076 | D:4      | Found a shadowy altar of Dithmenos.
  5239 | D:4      | You fall into a shaft and drop 1 floor!
  5239 | D:5      | Entered Level 5 of the Dungeon
  5709 | D:4      | Reached skill level 6 in Earth Magic
  6291 | D:5      | Found a staircase to the Ecumenical Temple.
  6293 | D:5      | Reached XP level 7. HP: 24/61 MP: 8/11
  6303 | Temple   | Entered the Ecumenical Temple
  6375 | Temple   | Became a worshipper of Kikubaaqudgha
  6733 | D:5      | Found a burning altar of Makhleb.
  6735 | D:5      | Noticed a green death
  6739 | D:5      | Noticed a ynoxinul
  6739 | D:5      | Noticed a smoke demon
  7380 | D:6      | Reached skill level 7 in Earth Magic
  7603 | D:6      | Noticed Eustachio
  7615 | D:6      | Killed Eustachio
  7615 | D:6      | Reached XP level 8. HP: 19/69 MP: 5/13
  7776 | D:6      | Found a white marble altar of Elyvilon.
  7777 | D:6      | Found a runed translucent door.
  7777 | D:6      | Noticed an angel
  8064 | D:5      | Reached skill level 5 in Dodging
  8195 | D:4      | Reached skill level 8 in Earth Magic
  8556 | D:6      | Reached * piety under Kikubaaqudgha
  8556 | D:6      | Identified Kikubaaqudgha's Grimoire of Darkness
                  | (Kikubaaqudgha gifted it to you on level 6 of the Dungeon)
  8556 | D:6      | Received a gift from Kikubaaqudgha
  8737 | D:6      | Learned a level 3 spell: Vampiric Draining
  9107 | D:6      | Reached skill level 1 in Necromancy
  9421 | D:6      | Found a glowing silver altar of Zin.
  9617 | D:6      | Found a sacrificial altar of Ru.
 10376 | D:6      | Reached skill level 9 in Earth Magic
 10619 | D:7      | Gained mutation: You passively map the area around you.
                  | [Deep Dwarf growth]
 10619 | D:7      | Reached XP level 9. HP: 41/78 MP: 2/14
 11880 | D:7      | Reached skill level 10 in Earth Magic
 12009 | D:7      | Found a hazy altar of Hepliaklqana.
 12111 | D:7      | Learned a level 1 spell: Pain
 12396 | D:8      | Noticed a two-headed ogre
 12602 | D:9      | Reached ** piety under Kikubaaqudgha
 12843 | D:9      | Found a sparkling altar of Nemelex Xobeh.
 12882 | D:9      | Reached skill level 5 in Necromancy
 12957 | D:9      | Reached skill level 5 in Spellcasting
 13254 | D:9      | Reached skill level 5 in Fighting
 13255 | D:9      | HP: 1/81 [killer bee (5)]
 13357 | D:9      | Reached XP level 10. HP: 22/88 MP: 2/15
 13716 | D:9      | Found a staircase to the Lair.
 13724 | D:9      | Found Ipiuriet's Antique Armour Shoppe.
 13747 | D:9      | Reached skill level 11 in Earth Magic
 13775 | D:9      | Mangled by an orc warrior

Levels and vault maps discovered:
D:1:      mrwooster_arrival_arrow, layout_loops_ring, grunt_decor_arrowhead,
          serial_bayou_ford_a, due_unseen_surprise
D:2:      layout_basic, nicolae_overflow_hidden_temple, first_ration
D:3:      minmay_bubble_buster, layout_loops_ring, minmay_ruptured
D:4:      layout_loops_corners, lemuel_crystal_altar, kennysheep_mini_moat,
          minivault_19
D:5:      kennysheep_slugbush, layout_gridville, makhleb_altar_promises_db,
          temple_statues
D:6:      layout_basic, zin_statuary, nicolae_ru_path_of_blood,
          lemuel_angel_altar, uniq_eustachio
D:7:      layout_basic, nicolae_overflow_crystal_walls
D:8:      layout_loops_corners, kennysheep_little_box, blue_anna_alchemist
          [blue_anna_fruit_fields, blue_anna_fruit_fields], minmay_hedge_maze,
          hex_tiny, dk_vineyard_2, wad_floor_pattern_1
D:9:      layout_roguey [special_room_orc], nemelex_altar_shiori,
          lair_entry_dummy, erik_orc_2, serial_shops, nicolae_shop_statue_plus,
          nicolae_shop_behind_doors, shop, nicolae_shop_trees,
          columned_hall_lemuel, evilmike_minifort
Temple:   cyrus_circular_temple

Skill      XL: |  1  2  3  4  5  6  7  8  9 10 |
---------------+-------------------------------+-----
Spellcasting   | 2 3 4 5 |  5.2
Fighting       | 1 2 3 4 5 |  5.1
Dodging        | 3 4 5 6 |  6.7
Conjurations   | 1 2 3 |  3.5
Earth Magic    | 5 6 7 9 10 11 | 11.0
Necromancy     | 2 5 |  5.9
Stealth        | |  2.4
Transmutations | |  0.8

Action                   |  1- 3 |  4- 6 |  7- 9 | 10-12 || total
-------------------------+-------+-------+-------+-------++-------
Melee: Mace              |     2 |     3 |       |       ||     5
       War axe           |       |       |    58 |       ||    58
 Cast: Sandblast         |    52 |   104 |    78 |       ||   234
       Stone Arrow       |     9 |     7 |    58 |       ||    74
       Vampiric Draining |       |       |    53 |     5 ||    58
       Lee's Rapid Decon |       |       |    16 |     5 ||    21
       Pain              |       |       |    13 |     3 ||    16
 Abil: Heal Wounds       |       |       |     6 |       ||     6
  Use: Scroll            |       |     8 |     8 |       ||    16
       Potion            |       |     2 |    12 |       ||    14
  Eat: Chunk             |     8 |     8 |    22 |       ||    38
       Ration            |       |     1 |     4 |     1 ||     6
Armor: Robe              |       |     5 |    43 |     1 ||    49
Dodge: Dodged            |    17 |    22 |   165 |     4 ||   208

Table legend:
 A = Non-vault XP
 B = Vault XP
 C = Vault XP percentage of total XP
 D = Non-vault monster count
 E = Vault monster count
 F = Vault count percentage of total count
                 A         B        C        D         E       F
            +---------+---------+-------+---------+---------+-------
      Total |    5602 |     405 |   6.7 |     181 |      23 |  11.3
            +---------+---------+-------+---------+---------+-------
        D:1 |      34 |       0 |   0.0 |      20 |       0 |   0.0
        D:2 |      44 |       0 |   0.0 |      12 |       0 |   0.0
        D:3 |     171 |      12 |   6.6 |      19 |       7 |  26.9
        D:4 |     517 |       0 |   0.0 |      25 |       0 |   0.0
        D:5 |     482 |      32 |   6.2 |      22 |       8 |  26.7
        D:6 |    1083 |     197 |  15.4 |      40 |       1 |   2.4
        D:7 |    1416 |       0 |   0.0 |      23 |       0 |   0.0
        D:8 |     235 |       0 |   0.0 |       3 |       0 |   0.0
        D:9 |    1620 |     164 |   9.2 |      17 |       7 |  29.2
            +---------+---------+-------+---------+---------+-------
